 Dungeon Crawl Stone Soup version 0.16-a0-3074-gc0bb631 (webtiles) character file.

32 PolkaDot the Caller (level 3, -3/26 HPs)
             Began as a Vampire Summoner on Dec 11, 2014.
             Slain by Terence
             ... wielding a +0 mace
              (8 damage)
             ... on level 2 of the Dungeon.
             The game lasted 00:05:25 (1404 turns).

PolkaDot the Caller (Vampire Summoner)              Turns: 1404, Time: 00:05:25

Health: -3/26      AC:  2    Str:  7    XL:     3   Next: 8%
Magic:  6/6        EV: 12    Int: 18    God:
Gold:   84         SH:  0    Dex: 14    Spells: 2 memorised, 3 levels left

rFire  . . .     SeeInvis +     g - +0 short sword
rCold  . . .     Clarity  .     a - +0 robe
rNeg   . . .     SustAb   .     (no shield)
rPois  .         Gourm    .     (no helmet)
rElec  .         Spirit   .     (no cloak)
rCorr  .         Warding  .     (no gloves)
rMut   .         Stasis   .     (no boots)
MR     .....                    (no amulet)
Stlth  +.........               (no ring)
                                c - ring of teleport control

@: confused, regenerating quickly, not resistant to hostile enchantments, very
unstealthy
A: bottle blood, fangs 3, see invisible, unbreathing
a: Evoke Teleport Control


You were on level 2 of the Dungeon.
You were very full.

You visited 1 branch of the dungeon, and saw 2 of its levels.

You collected 84 gold pieces.

Inventory:

Hand weapons
 g - a +0 short sword (weapon)
Armour
 a - a +0 robe (worn)
Jewellery
 c - a ring of teleport control (left hand)
Scrolls
 e - a scroll of identify {unknown}
 f - a scroll of blinking {unknown}
Books
 b - a book of Callings

   Spells                             Type                      Level
   a - Summon Small Mammal            Summoning                    1
   b - Call Imp                       Summoning                    2
   c - Call Canine Familiar           Summoning                    3
   d - Summon Guardian Golem          Hexes/Summoning              4
   e - Summon Lightning Spire         Summoning/Air                4
   f - Summon Ice Beast               Ice/Summoning                4


   Skills:
 - Level 1.3 Fighting
 + Level 0.7 Short Blades
 - Level 2.1 Dodging
 - Level 3.0 Stealth
 - Level 2.0 Spellcasting
 * Level 4.5 Summonings


You had 3 spell levels left.
You knew the following spells:

 Your Spells              Type           Power        Failure   Level  Hunger
a - Summon Small Mammal   Summ           ###.         2%          1    #......
s - Call Imp              Summ           ###.....     4%          2    ###....


Dungeon Overview and Level Annotations

Branches:
Dungeon (2/15)

Altars:

Annotations:
D:2 Terence


Innate Abilities, Weirdness & Mutations

Your natural rate of healing is unusually fast.
You can bottle blood from corpses.
You have razor-sharp teeth.
You have supernaturally acute eyesight.
You can survive without breathing.


Message History

Terence is heavily wounded.
Terence zaps a wand.
You are more confused.
You swing at nothing.
Terence zaps a wand.
You struggle to resist.
Terence zaps a wand.
You struggle to resist.
You barely miss Terence. You bite Terence, but do no damage.
Terence is heavily wounded.
Terence completely misses you.
You bump into the rock wall.
Terence zaps a wand.
You are more confused.
You bump into the rock wall.
Terence zaps a wand.
You struggle to resist.
You bump into the rock wall.
Terence hits you with a mace.
* * * LOW HITPOINT WARNING * * *
Terence zaps a wand.
You are more confused.
You bump into the rock wall.
Terence zaps a wand.
You are more confused.
You bump into the rock wall.
Terence hits you with a mace!
You die...

#######...#######
##+#(......
#...............##.#.######
#.##...########.##.#.#
#.##...######.#.##.#.#
#.#...........#.##.#.#
#.#.#########.#.##[#. #.#.
#.#.##.# #.#. #.#.##.# #.#.
#@#.##.# #.#. #@#.##.# #.#.
#......# #. #.#.#### #
#.#.# ###.# #.. #.# ...


You could see Terence.

Vanquished Creatures
  An adder (D:2)
  A giant gecko (D:1)
  2 ball pythons
  3 bats
  A giant cockroach (D:1)
  3 giant newts
  2 goblins (D:1)
  2 kobolds
  2 rats (D:1)
17 creatures vanquished.

Vanquished Creatures (collateral kills)
  2 giant geckos (D:1)
  A ball python (D:1)
  A hobgoblin (D:1)
  A bat (D:1)
  3 kobolds
  A rat (D:2)
9 creatures vanquished.

Vanquished Creatures (others)
  A shadow imp (D:2)
  2 quokkas (D:1)
3 creatures vanquished.

Grand Total: 29 creatures vanquished

Notes
Turn   | Place    | Note
--------------------------------------------------------------
     0 | D:1      | PolkaDot, the Vampire Summoner, began the quest for the Orb.
     0 | D:1      | Reached XP level 1. HP: 13/13 MP: 3/3
   356 | D:1      | Reached skill level 1 in Fighting
   394 | D:1      | Reached XP level 2. HP: 19/21 MP: 1/4
   697 | D:1      | Learned a level 2 spell: Call Imp
  1219 | D:2      | Reached XP level 3. HP: 12/26 MP: 0/6
  1345 | D:2      | Noticed Terence
  1404 | D:2      | Slain by Terence

Action                   || total
-------------------------++-------
Melee: Unarmed           ||    50
       Short sword       ||    51
 Cast: Summon Small Mamm ||    14
       Call Imp          ||     4
  Use: Potion            ||     3
       Scroll            ||     1
 Stab: Sleeping          ||     5
  Eat: Corpse            ||    10
